Unix NetHack Version 3.7.0-97 Work-in-progress - last build Feb 8 2024 15:05:57 (6d6cdf8371b60126770a3d7b88910941cb14a054,branch:master). Game began 2024-02-08 11:58:16, ended 2024-02-22 18:39:39. gargor, neutral male human Tourist ---- --- --..------------------------------ ---.-- |.........|-............ .......|------- -- |....| --....--..|....#.....- -....|......| .| |....| -.<..|-..).{....)...| |........._.|-.| ----..-- |.....|..#^....----..| +....|......|.. |.....| --....|........| |..| -----....--------.--- --. |.----- |..----...--|-| |..-+-|...................-----.- |.| --.| |...|...|-+-.....---+-------------...^.|...| --.| ..| +..[|(((|.............| |...|...|.........-- |..| .-- -...|(((|+--|---..{...| |.......|..........|--.-- .......|---- |%(@|(.....--+-...|...|..........--..| -..........| ||(.-.............-----.............-- -.... -----..| |((.|..--|---+-..................---- |... |..| -----..|... --+---|--.........-- - +..- ...|%?!| |...|.....----- |.. ....|+?!| |...|....-- |.. ......|---- ----|....| --- -------- ---..| ---- Gargor the Excursionist St:11 Dx:13 Co:16 In:11 Wi:7 Ch:18 Neutral S:2682 Dlvl:7 $:406 HP:0(48) Pw:15(15) AC:6 Xp:6/505 T:4179 Latest messages: You begin bashing monsters with your bare hands. You hit the gnome. What do you want to wield? [- aBJLOV or ?*] O O - an uncursed pick-axe (weapon in right hand). You hit the gnome. You hit the gnome. The gnome hits! You miss the gnome. You kill the gnome! "Aloha, gargor! Welcome to Stewe's hardware store!" "Will you please leave your pick-axe outside?" What do you want to drop? [$a-gi-ruvx-zA-EJLNOUV or ?*] O You drop an uncursed pick-axe. What do you want to ready? [- $aBJLV or ?*] J J - 54 uncursed darts (at the ready). In what direction? l You kill the gnome! You see here an uncursed dart. J - an uncursed dart (at the ready) (54 in total). "Aloha, gargor! Welcome again to Stewe's hardware store!" You see here a glass orb (for sale, 53 zorkmids). You feel yourself slow down. You see here a key (for sale, 9 zorkmids). You see here a figurine of an owlbear (for sale, 71 zorkmids). Wait! That's a giant mimic! You cannot escape from the giant mimic! What do you want to use or apply? [lmrvyU or ?*] l In what direction? k The flash of light shines on the giant mimic. The giant mimic hits! The giant mimic hits again! What do you want to use or apply? [lmrvyU or ?*] l In what direction? k The flash of light shines on the giant mimic. You cannot escape from the giant mimic! What do you want to read? [jnpv or ?*] v You begin to memorize the runes. The giant mimic hits! You stop studying. The giant mimic hits again! What do you want to zap? [ry or ?*] r In what direction? k The bolt of fire hits the giant mimic! The bolt of fire bounces! You kill the giant mimic! The bolt of fire hits you! One of your unlabeled scrolls catches fire and burns! You die... Stewe gratefully inherits all your possessions. Do you want to see what you had when you died? [ynq] (y) q Inventory: Coins $ - 406 gold pieces Amulets A - an uncursed amulet of magical breathing (being worn) Weapons a - 8 +2 darts B - 15 +1 darts J - 54 +0 darts (at the ready) L - 12 -1 darts V - 2 +0 daggers Armor x - an uncursed +0 dwarvish iron helm (being worn) E - a cursed -1 pair of fumble boots i - an uncursed +0 pair of iron shoes (being worn) C - an uncursed +0 alchemy smock with text "Don't mess with the chef" o - an uncursed +0 dwarvish cloak (being worn) N - an uncursed +0 dwarvish cloak k - an uncursed +0 Hawaiian shirt with a parrot motif (being worn) Comestibles f - an uncursed slime mold g - an uncursed clove of garlic c - 7 uncursed food rations d - an uncursed pear b - 3 uncursed tripe rations e - an uncursed egg z - 2 uncursed lichen corpses Scrolls n - an uncursed scroll of blank paper p - an uncursed scroll of light j - 3 uncursed scrolls of magic mapping Spellbooks v - an uncursed spellbook of stone to flesh Rings q - an uncursed -1 ring of gain constitution u - an uncursed +2 ring of gain strength (on right hand) Wands r - a wand of fire (0:2) y - a wand of speed monster (0:4) Tools m - an uncursed credit card l - an expensive camera (0:64) U - an uncursed skeleton key Gems/Stones D - 2 uncursed worthless pieces of green glass Gargor the Tourist's attributes: Background: You were an Excursionist, a level 6 male human Tourist. You were neutral, on a mission for The Lady who was opposed by Blind Io (lawful) and Offler (chaotic). You were right-handed. You were in the Gnomish Mines, on level 7. You entered the dungeon 4179 turns ago. You had 505 experience points, 135 more were needed to attain level 7. Your score was 2682 before end-of-game adjustments. Basics: You had 0 out of 48 hit points. You had all 15 energy points (spell power). Your armor class was 6. Your wallet contained 406 zorkmids. Autopickup was off. Final Characteristics: Your strength was 11 (base:9, peak:12, limit:18/100). Your dexterity was 13 (limit:18). Your constitution was 16 (limit:18). Your intelligence was 11 (limit:18). Your wisdom was 7 (limit:18). Your charisma was 18 (limit:18). Final Status: You weren't hungry. You were unencumbered. You were bare handed. You were unskilled in bare handed combat. Final Attributes: You were piously aligned. Your items were somewhat protected from fire. Your items were somewhat protected from cold. You were telepathic. You could survive without air. You were warded. You are dead. Miscellaneous: You never encountered a bones level. Total elapsed playing time was 1 hour, 2 minutes and 3 seconds. Major events: Turn 1: gargor the neutral male human Tourist entered the dungeon 1201: entered the Gnomish Mines 1235: attained the rank of Sightseer (level 3) 3912: reached Mine Town 3924: attained the rank of Excursionist (level 6) 4179: killed by a bolt of fire zapped by himself Vanquished creatures: a giant mimic a wolf a blue jelly 2 fog clouds a yellow light 3 gnome leaders a paper golem 2 giant ants a floating eye 9 dwarves an orc zombie 6 dwarf zombies a werejackal an iguana an acid blob a gas spore 3 hobbits 2 manes a large kobold a giant rat 22 gnomes a garter snake a gecko 5 jackals 2 foxes a kobold 3 sewer rats 2 grid bugs a bat 4 lichens a kobold zombie 12 newts 95 creatures vanquished. No species were genocided or became extinct. Voluntary challenges: You read items or engraved 12 times. You engraved Elbereth 1 time. You never genocided any monsters. You never polymorphed an object. You never changed form. You used no wishes. Achievements: You entered the Gnomish Mines. You attained the rank of Sightseer. You entered a shop. You entered Minetown. You attained the rank of Excursionist. You entered a temple. The Dungeons of Doom: levels 1 to 6 Level 1: Level 2: Level 3: Stairs down to The Gnomish Mines. Level 4: A fountain. Level 5: A sink. Level 6: The Gnomish Mines: levels 4 to 7 Level 4: Level 5: Level 6: Level 7: <- You were here. A shop, a temple and an altar, some fountains, some trees. Final resting place for you, killed by a bolt of fire zapped by yourself. Game over: ---------- / \ / REST \ / IN \ / PEACE \ / \ | gargor | | 406 Au | | killed by a bolt | | of fire zapped | | by himself | | | | 2024 | *| * * * | * _________)/\\_//(\/(/\)/\//\/|_)_______ Aloha gargor the Tourist... You died in The Gnomish Mines on dungeon level 7 with 2651 points, and 406 pieces of gold, after 4179 moves. You were level 6 with a maximum of 48 hit points when you died.